 Dungeon Crawl Stone Soup version 0.25.1-2-g60ff931df9 (webtiles) character file.

Game seed: 5489579078965762102

8081 Descartes the Covert (level 11, -3/64 HPs)
             Began as an Octopode Warper on Aug 5, 2020.
             Slain by an eight-headed hydra (4 damage)
             ... on level 10 of the Dungeon.
             The game lasted 00:29:50 (12510 turns).

Descartes the Covert (Octopode Warper)             Turns: 12510, Time: 00:29:51

Health: -3/64      AC:  5    Str: 12    XL:     11   Next: 25%
Magic:  0/27       EV: 17    Int: 19    God:
Gold:   680        SH:  5    Dex: 14    Spells: 9/20 levels left

rFire    . . .     SeeInvis .   g - +5 rapier of Amest {freeze, Int+4}
rCold    . . .     Gourm    .   j - +0 buckler
rNeg     . . .     Faith    .   (helmet restricted)
rPois    .         Spirit   +   s - amulet of guardian spirit
rElec    .         Reflect  .   l - +4 ring of protection
rCorr    .         Harm     .   q - ring of magical power
MR       .....     Clarity  +   F - ring of wizardry
Stlth    ++++++....             (no ring)
HPRegen  0.20/turn              (no ring)
MPRegen  0.20/turn              (no ring)
                                (no ring)
                                (no ring)

@: confusing touch, invisible
A: almost no armour, stealthy swim, amphibious, 8 rings, constrict 8, tentacle
spike 1, camouflage 1, clarity, gelatinous body 1
a: no special abilities


You were on level 10 of the Dungeon.
You were not hungry.

You visited 2 branches of the dungeon, and saw 11 of its levels.

You collected 680 gold pieces.

Inventory:

Hand Weapons
 a - a +2 dagger of venom
 g - the +5 rapier of Amest (weapon) {freeze, Int+4}
   (You found it on level 5 of the Dungeon)

   It has been specially enchanted to freeze those struck by it, causing extra
   injury to most foes and up to half again as much damage against particularly
   susceptible opponents.
   It can also slow down cold-blooded creatures.
   It affects your intelligence (+4).
 y - a +0 dagger of electrocution
Missiles
 d - 5 boomerangs of dispersal (quivered)
 n - 81 poisoned darts
 o - 111 sling bullets
 p - 359 stones
 r - 4 throwing nets
 u - 8 boomerangs
 v - 90 bolts
 E - 144 arrows
 P - 8 atropa-tipped darts
 S - 4 curare-tipped darts
Armour
 j - a +0 buckler (worn)
Magical Staves
 H - an uncursed staff of conjuration
Jewellery
 l - a +4 ring of protection (left tentacle)
 q - a ring of magical power (right tentacle)
 s - an amulet of guardian spirit (around mantle)
 B - an uncursed amulet of regeneration
 F - a ring of wizardry (on tentacle)
 K - an uncursed ring of fire
 N - an uncursed amulet of magic regeneration
Wands
 b - a wand of acid (5)
 M - a wand of random effects (22)
 T - a wand of digging (6)
 U - a wand of paralysis (8)
Scrolls
 c - 8 scrolls of blinking
 e - 4 scrolls of remove curse
 h - 3 scrolls of immolation {unknown}
 i - 4 scrolls of random uselessness {unknown}
 k - 2 scrolls of fog {unknown}
 t - 5 scrolls of teleportation {unknown}
 C - 2 scrolls of amnesia {unknown}
 D - 2 scrolls of noise {unknown}
 I - 3 scrolls of enchant armour
 J - a scroll of enchant weapon
 Q - a scroll of fear {unknown}
Potions
 m - 6 potions of haste
 w - 3 potions of curing
 z - a potion of stabbing
 A - a potion of brilliance
 G - 3 potions of might
 L - a potion of degeneration
 O - a potion of ambrosia
Comestibles
 f - 18 rations
 x - 12 chunks of flesh


   Skills:
 - Level 2.0 Fighting
 + Level 9.2 Short Blades
 - Level 1.0 Throwing
 + Level 7.0 Dodging
 + Level 10.7 Stealth
 - Level 4.0 Shields
 - Level 5.0 Spellcasting
 - Level 5.0 Hexes
 - Level 5.0 Charms
 - Level 5.0 Translocations


You had 9 spell levels left.
You knew the following spells:

 Your Spells              Type           Power        Failure   Level  Hunger
a - Blink                 Tloc           N/A          1%          2    #......
b - Shroud of Golubria    Chrm/Tloc      ###...       1%          2    #......
c - Confusing Touch       Hex            ###.....     1%          3    ##.....
d - Passage of Golubria   Tloc           N/A          6%          4    ####...

Your spell library contained the following spells:

 Spells                   Type           Power        Failure   Level  Hunger
 Corona                   Hex            ###....      1%          1    None
 Slow                     Hex            ###.....     1%          2    #......
 Gell's Gravitas          Tloc           ###.......   1%          3    ##.....
 Lesser Beckoning         Tloc           ###.......   1%          3    ##.....
 Portal Projectile        Hex/Tloc       ###...       1%          3    ##.....
 Teleport Other           Tloc           ###.....     1%          3    ##.....
 Beastly Appendage        Tmut           #.....       4%          1    None
 Inner Flame              Hex/Fire       ##......     5%          3    ##.....
 Cause Fear               Hex            ###.......   6%          4    ####...
 Sticks to Snakes         Tmut           #.......     8%          2    #......
 Spider Form              Tmut/Pois      #.........   16%         3    ##.....
 Leda's Liquefaction      Hex/Erth       ##........   17%         4    ####...
 Ice Form                 Ice/Tmut       #.......     43%         4    ####...
 Petrify                  Tmut/Erth      #.......     43%         4    ####...
 Metabolic Englaciation   Hex/Ice        ##........   43%         5    ######.
 Yara's Violent Unravell  Hex/Tmut       ##........   43%         5    ######.
 Blade Hands              Tmut           #.........   77%         5    ######.


Dungeon Overview and Level Annotations

Branches:
Dungeon (10/15)            Temple (1/1) D:4             Orc (0/2) D:9
   Lair: D:8-11

Altars:
Ashenzari
Cheibriados
Dithmenos
Elyvilon
Fedhas
Gozag
Hepliaklqana
Kikubaaqudgha
Makhleb
Nemelex Xobeh
Okawaru
Qazlal
Ru
Sif Muna
Trog
Uskayaw
Vehumet
Wu Jian
Xom
Yredelemnul
Zin
The Shining One

Shops:
D:9 (


Innate Abilities, Weirdness & Mutations

You cannot wear most types of armour.
You are very stealthy in the water. (Stealth+)
You are amphibious.
You can wear up to eight rings at the same time.
You can use your tentacles to constrict eight enemies at once.
Your skin changes colour to match your surroundings (Stealth+).
Your rubbery body absorbs attacks. (AC +1, EV +1)
One of your tentacles bears a spike.
You possess an exceptional clarity of mind.


Message History

Confirm with . or Enter, or press ? or * to list all spells.
Space distorts slightly along a thin shroud covering your body.
The eight-headed hydra barely misses you.
The eight-headed hydra bites you.
Your shroud falls apart!
The eight-headed hydra misses you. The eight-headed hydra bites you!
You block the eight-headed hydra's attack.
The eight-headed hydra bites you but does no damage.
The eight-headed hydra bites you.
The eight-headed hydra bites you but does no damage.
You fade into invisibility!
The eight-headed hydra completely misses you.
You block the eight-headed hydra's attack.
The eight-headed hydra bites you!
* * * LOW HITPOINT WARNING * * *
The eight-headed hydra closely misses you.
The eight-headed hydra bites you!
* * * LOW HITPOINT WARNING * * *
The eight-headed hydra bites you.
You die...

### ...
#.##############
#.#............#
#.#....≈≈≈≈≈...#
#####.#...≈≈≈≈≈≈...#
...........≈≈≈....!#
#####.#.........@..#
#.#......≈≈D...#
#####.#........≈...#
#...).#............#
#.....#..≈≈≈.......#
#.....#...≈≈≈≈.....#
#.....#....≈≈≈.....#
#####.#............#
## #.#####.####


You could see an eight-headed hydra.

Vanquished Creatures
  A death knight (D:10)
  Pikel (D:6)
  Psyche (D:9)
  A troll (D:9)
  A hornet (D:9)
  4 hippogriffs
  Sigmund (D:3)
  2 wyverns
  Menkaure (D:7)
  A steam dragon (D:9)
  A water moccasin (D:9)
  6 orc warriors
  An ice beast (D:7)
  4 slaves (D:6)
  A black bear (D:7)
  3 sky beasts
  An eye of draining (D:10)
  4 ogres
  2 phantoms (D:6)
  A necrophage (D:6)
  4 centaurs
  7 bullfrogs
  2 gnoll sergeants
  A water moccasin zombie (D:8)
  A wyvern zombie (D:6)
  A wyvern skeleton (D:9)
  9 killer bees
  3 howler monkeys (D:8)
  4 crimson imps
  A bullfrog zombie (D:6)
  A quasit (D:7)
  3 hounds
  7 orc priests
  2 bullfrog skeletons
  2 jellies (D:8)
  6 orc wizards
  2 iguanas
  6 worker ants
  A howler monkey zombie (D:5)
  A worker ant zombie (D:6)
  12 gnolls
  A howler monkey skeleton (D:6)
  18 adders
  2 shadow imps (D:6)
  An adder zombie (D:5)
  5 worms
  An adder skeleton (D:7)
  4 dart slugs (D:1)
  4 leopard geckos
  54 orcs
  2 ball pythons
  6 bats
  3 giant cockroaches
  8 goblins
  8 hobgoblins
  12 jackals
  2 quokkas
  3 frilled lizards
  A jackal skeleton (D:5)
  6 kobolds
  10 rats
265 creatures vanquished.

Vanquished Creatures (others)
  A worm (D:2)
1 creature vanquished.

Grand Total: 266 creatures vanquished

Notes
Turn   | Place    | Note
-------+----------+-------------------------------------------
     0 | D:1      | Descartes the Octopode Warper began the quest for the Orb.
     0 | D:1      | Reached XP level 1. HP: 14/14 MP: 3/3
    20 | D:1      | Reached skill level 1 in Stealth
   263 | D:1      | Reached skill level 2 in Stealth
   275 | D:1      | Reached XP level 2. HP: 19/19 MP: 5/5
   336 | D:1      | Reached skill level 3 in Stealth
   437 | D:1      | Reached XP level 3. HP: 18/24 MP: 6/6
   591 | D:1      | Reached skill level 4 in Stealth
  1050 | D:2      | Found a radiant altar of Vehumet.
  1568 | D:2      | Reached skill level 5 in Stealth
  1644 | D:2      | Reached XP level 4. HP: 29/29 MP: 7/7
  2139 | D:2      | Reached skill level 6 in Stealth
  2219 | D:2      | Reached XP level 5. HP: 34/34 MP: 8/8
  2557 | D:3      | Reached skill level 7 in Stealth
  2970 | D:3      | Reached XP level 6. HP: 39/39 MP: 7/9
  3230 | D:3      | Noticed Sigmund
  3236 | D:3      | Killed Sigmund
  3236 | D:3      | Reached skill level 5 in Short Blades
  3391 | D:3      | HP: 1/39 [poisoned by an adder]
  3392 | D:3      | Reached XP level 7. HP: 29/45 MP: 2/10
  3581 | D:4      | Found a stormy altar of Qazlal.
  3610 | D:4      | HP: 2/45 [orc priest/nerve-wracking pain (7)]
  4304 | D:4      | Found a stormy altar of Qazlal.
  4615 | D:4      | Found a staircase to the Ecumenical Temple.
  4633 | Temple   | Entered the Ecumenical Temple
  4841 | D:4      | Reached XP level 8. HP: 50/50 MP: 11/11
  5012 | D:5      | Entered Level 5 of the Dungeon
  5196 | D:5      | Got an iridescent rapier
  5198 | D:5      | Identified the +5 rapier of Amest {freeze, Int+4} (You
                  | found it on level 5 of the Dungeon)
  5489 | D:5      | Found a glowing golden altar of the Shining One.
  5682 | D:6      | Reached skill level 1 in Shields
  5811 | D:6      | Learned a level 2 spell: Blink
  5814 | D:6      | Learned a level 2 spell: Shroud of Golubria
  5818 | D:6      | Learned a level 3 spell: Confusing Touch
  5823 | D:6      | Learned a level 4 spell: Passage of Golubria
  6201 | D:6      | Noticed Pikel
  6235 | D:6      | Killed Pikel
  6235 | D:6      | Reached skill level 8 in Stealth
  6235 | D:6      | Reached skill level 1 in Hexes
  6235 | D:6      | Reached XP level 9. HP: 15/54 MP: 7/12
  7228 | D:7      | Noticed Menkaure
  7237 | D:7      | Killed Menkaure
  7237 | D:7      | Reached skill level 5 in Dodging
  7744 | D:7      | Reached skill level 9 in Stealth
  8294 | D:8      | Reached XP level 10. HP: 60/60 MP: 15/15
  8564 | D:8      | Found a sparkling altar of Nemelex Xobeh.
  9151 | D:8      | Reached skill level 5 in Translocations
  9980 | D:8      | Gained mutation: You possess an exceptional clarity of
                  | mind. [potion of mutation]
  9980 | D:8      | Gained mutation: One of your tentacles bears a spike.
                  | [potion of mutation]
 10018 | D:9      | Found Onoseet's Weapon Shoppe.
 10018 | D:9      | Found a staircase to the Orcish Mines.
 10707 | D:8      | Reached skill level 10 in Stealth
 11596 | D:9      | Reached XP level 11. HP: 59/64 MP: 18/18
 11718 | D:9      | Found an iron altar of Okawaru.
 11729 | D:9      | Noticed Psyche
 11763 | D:9      | Killed Psyche
 12039 | D:9      | Found a shimmering blue altar of Sif Muna.
 12122 | D:9      | Found a staircase to the Orcish Mines.
 12124 | D:9      | Found Onoseet's Weapon Shoppe.
 12196 | D:9      | Found an iron altar of Okawaru.
 12295 | D:10     | Entered Level 10 of the Dungeon
 12406 | D:10     | Reached skill level 5 in Spellcasting
 12412 | D:10     | Reached skill level 5 in Charms
 12443 | D:10     | Noticed a death knight
 12449 | D:10     | Killed a death knight
 12449 | D:10     | Reached skill level 5 in Hexes
 12502 | D:10     | Noticed an eight-headed hydra
 12510 | D:10     | HP: 1/64 [eight-headed hydra (10)]
 12510 | D:10     | Slain by an eight-headed hydra

Illustrated notes

Levels and vault maps discovered:
D:1:      minmay_arrival_doors, layout_rooms, item_on_display_a
D:2:      layout_basic, fiery_altar_vehumet
D:3:      layout_basic, first_ration, uniq_sigmund
D:4:      cheibrodos_pilgrimage, layout_loops_ring, old_standard_altar,
          minmay_temple_entry_glassed_door, minmay_misc_feat_chi,
          grunt_qazlal_sundering
D:5:      layout_cave_pools, nicolae_tso_carved_into_rock, grunt_ministairs_2
D:6:      layout_basic, uniq_pikel
D:7:      layout_layer_cave, uniq_menkaure
D:8:      layout_layer_cave, lemuel_crystal_altar
D:9:      layout_cross, okawaru_trees_2, kennysheep_mini, orc_david_3,
          uniq_psyche
D:10:     cheibrodos_iron_armory, layout_basic, lair_entry_dummy, basic_altar
Temple:   compressed_dpeg_circular_temple

Skill      XL: |  1  2  3  4  5  6  7  8  9 10 11 |
---------------+----------------------------------+-----
Stealth        | 2 3 5 6 7 8 9 10 | 10.7
Short Blades   | 3 5 7 8 9 |  9.2
Dodging        | 3 4 5 6 7 |  7.0
Shields        | 2 3 4 |  4.0
Hexes          | 1 3 4 5 |  5.0
Charms         | 2 3 4 5 |  5.0
Spellcasting   | 3 4 5 |  5.0
Translocations | 4 5 |  5.0
Fighting       | |  2.0
Throwing       | |  1.0

Action                   |  1- 3 |  4- 6 |  7- 9 | 10-12 || total
-------------------------+-------+-------+-------+-------++-------
Melee: Short sword       |    63 |       |       |       ||    63
       Constrict         |    24 |    31 |    61 |    40 ||   156
       Tentacles         |    16 |    13 |    59 |    36 ||   124
       Dagger            |     9 |   102 |   131 |       ||   242
       Rapier            |       |       |   179 |   248 ||   427
       Kick              |       |       |       |    36 ||    36
 Cast: Shroud of Golubri |       |       |       |    10 ||    10
       Confusing Touch   |       |       |       |     5 ||     5
  Use: Scroll            |       |     4 |     3 |     7 ||    14
       Potion            |       |     1 |     2 |     3 ||     6
 Stab: Sleeping          |     5 |    10 |    16 |     8 ||    39
       Distracted        |       |     3 |       |     2 ||     5
       Confused          |       |       |       |     3 ||     3
  Eat: Chunk             |     1 |     7 |    15 |    10 ||    33
       Ration            |       |       |       |     1 ||     1
Armor: Skin              |     8 |    10 |    42 |    41 ||   101
Dodge: Dodged            |    37 |    55 |   161 |   173 ||   426
Block: Buckler           |       |       |    29 |    63 ||    92
